 Dungeon Crawl Stone Soup version 0.32-a0-473-gd044c6f0f0 (webtiles) character file.

Game seed: 17107575644831819606

58 anacleto the Cudgeller (level 3, -4/31 HPs)
             Began as an Armataur Berserker on Feb 26, 2024.
             Was a Follower of Trog.
             Slain by an ice beast (14 damage)
             ... on level 3 of the Dungeon.
             The game lasted 00:03:29 (2025 turns).

anacleto the Cudgeller (Armataur Berserker)         Turns: 2025, Time: 00:03:30

Health: -4/31      AC:  6    Str: 24    XL:     3   Next: 76%
Magic:  3/3        EV:  8    Int:  7    God:    Trog [*.....]
Gold:   97         SH:  0    Dex:  9    Spells: 2/2 levels left

rFire   . . .        a - +0 mace
rCold   . . .        (no shield)
rNeg    . . .        g - +0 scale mail
rPois   .            (no helmet)
rElec   .            (no cloak)
rCorr   .            (no gloves)
SInv    .            (no barding)
Will    .....        (no amulet) Stlth
                     (no ring)
HPRegen 0.25/turn    (no ring)
MPRegen 0.08/turn

%: roll
@: on berserk cooldown, slowed, very slow
A: large, deformed body, tough skin 3, armoured tail, roll 1
a: Renounce Religion, Berserk


You were on level 3 of the Dungeon.
You worshipped Trog.
Trog was aware of your devotion.
You visited 1 branch of the dungeon, and saw 3 of its levels.

You collected 97 gold pieces.

Inventory:

Hand Weapons
 a - a +0 mace (weapon)
Armour
 g - a +0 scale mail (worn)
Scrolls
 d - 2 scrolls of enchant armour {unknown}
 e - 5 scrolls of identify {unknown}
 i - a scroll of noise {unknown}
 j - a scroll of enchant weapon {unknown}
Potions
 b - a potion of attraction {unknown}
 c - a potion of curing {unknown}
 f - a potion of heal wounds {unknown}
 h - a potion of enlightenment {unknown}
 k - a potion of mutation {unknown}


   Skills:
 + Level 3.1 Fighting
 + Level 3.1 Maces & Flails
 + Level 3.1 Armour
 + Level 1.9 Dodging
 + Level 1.1 Invocations


You had 2 spell levels left.
You didn't know any spells.
Your spell library was empty.

Dungeon Overview and Level Annotations

Branches:
Dungeon (3/15)

Altars:
Beogh

Annotations:
D:1 2 runed translucent doors


Innate Abilities, Weirdness & Mutations

Armour fits poorly on your strangely shaped body.
You have extremely tough skin. (AC +3)
You have a long armoured tail.
You regenerate magic when rolling toward enemies. (Rampage MPRegen)


Message History

There is an open door here.
A ball python comes into view.
Found an escape hatch in the ceiling.
The ball python hisses angrily.
You sock the ball python!
You kill the ball python!
Trog accepts your kill.
You see here a ball python corpse.
An ice beast comes into view.
A red film seems to cover your vision as you go berserk!
You feel yourself moving faster!
You feel mighty!
You feel a strong urge to attack something.
You roll towards the ice beast!
An endoplasm comes into view.
You feel your anger nearly subside.
The endoplasm quivers.
You barely miss the ice beast.
The ice beast hits you but does no damage.
You sock the ice beast!
The ice beast is moderately wounded.
You are no longer berserk.
You are exhausted.
You feel yourself slow down. The ice beast barely misses you.
You hit the ice beast but do no damage.
You tail-slap the ice beast, but do no damage.
The ice beast is moderately wounded.
The ice beast hits you but does no damage.
The ice beast closely misses you.
You hit the ice beast but do no damage.
Your tail-slap misses the ice beast.
The ice beast is moderately wounded.
The ice beast hits you. The ice beast freezes you!
The ice beast closely misses you.
You barely miss the ice beast.
The ice beast is moderately wounded.
The ice beast hits you. The ice beast freezes you!
The ice beast hits you but does no damage.
You sock the ice beast!
The ice beast is heavily wounded.
The ice beast hits you. The ice beast freezes you!
You die...

##.## #.........#
#.# #.#.#.<..## #.#
#.......## ####.#
#.#........ #....#
#.###>#.### #.#..#
#.# #.#+## #...##
#.###....## ##.##
#....†....# #@#
####.......
#Y#...####........
.J.......'........
##.#...####........
#.##. ##....... ..#
## ##.....# #.#
##...## .#. ##....
.#####.###


You could see an ice beast and an endoplasm.

Vanquished Creatures
  3 adders
  A dart slug (D:2)
  A ribbon worm (D:2)
  6 endoplasms
  4 goblins (D:1)
  A hobgoblin (D:1)
  A kobold (D:1)
  2 quokkas
  3 ball pythons
  2 bats
  A frilled lizard (D:2)
  2 rats (D:1)
27 creatures vanquished.

Notes
Turn   | Place    | Note
-------+----------+-------------------------------------------
     0 | D:1      | anacleto the Armataur Berserker began the quest for the
                  | Orb.
     0 | D:1      | Reached XP level 1. HP: 18/18 MP: 1/1
    89 | D:1      | Found a large runed translucent door.
    89 | D:1      | Found a large runed translucent door.
   108 | D:1      | Found a roughly hewn altar of Beogh.
   109 | D:1      | Noticed an orc wizard
   109 | D:1      | Noticed an orc priest
   110 | D:1      | Noticed an orc priest
   110 | D:1      | Noticed an orc priest
   110 | D:1      | Noticed an orc warrior
   260 | D:1      | Reached XP level 2. HP: 24/25 MP: 2/2
  1538 | D:2      | Reached XP level 3. HP: 29/31 MP: 3/3
  1561 | D:2      | Reached skill level 1 in Invocations
  2015 | D:3      | Noticed an ice beast
  2025 | D:3      | Slain by an ice beast

Illustrated notes

Levels and vault maps discovered:
D:1:      erik_arrival_cave_to_civilisation [erik_arrival_cave_to_temple],
          layout_basic
D:2:      layout_rooms
D:3:      layout_loops_corners, nicolae_ashenzari_panopticon, st_stairs_5,
          minmay_bisected

Skill      XL: |  1  2  3 |
---------------+----------+-----
Fighting       | 3 |  3.1
Maces & Flails | 3 |  3.1
Armour         | 3 |  3.1
Invocations    | 1 |  1.1
Dodging        | |  1.9

Action                     || total
---------------------------++-------
  Melee: Mace              ||    95
         Tailslap          ||     5
 Invoke: Berserk           ||     2
 Armour: Leather armour    ||    21
         Scale mail        ||    46
  Dodge: Dodged            ||    49

Table legend: (Time is in decaauts)
 A = Elapsed time spent in this place.
 B = Non-inter-level travel time spent in this place.
 C = Inter-level travel time spent in this place.
 D = Time resting spent in this place.
 E = Time spent auto-exploring this place.
 F = Levels seen in this place.
 G = Mean time per level.
                   A        B        C        D        E       F      G
               +--------+--------+--------+--------+--------+-----+--------+
         Total |   2059 |   1996 |     63 |    154 |   1566 |   3 |  686.3 |
       Dungeon |   2059 |   1996 |     63 |    154 |   1566 |   3 |  686.3 |
               +--------+--------+--------+--------+--------+-----+--------+

Top non-repeatable levels by time:
     D:1: 1434 daAuts
     D:2: 488 daAuts
     D:3: 136 daAuts
